[Event "Late-Titled-Tuesday-Blitz-March-26-2024"]
[Site "Chess.com"]
[Date "2024.03.26"]
[Round "4"]
[White "Bryanl106"]
[Black "janhelmer03"]
[Result "1-0"]
[WhiteElo "2669"]
[BlackElo "2402"]
[TimeControl "180+1"]
[EndTime "14:39:25 PDT"]
[Termination "Bryanl106 won by checkmate"]

1. e4 c5 2. Nf3 d6 3. d4 cxd4 4. Nxd4 Nf6 5. Nc3 g6 6. Be3 Bg7 7. f3 O-O 8. Qd2 Nc6 9. O-O-O d5 10. Qe1 Qa5 11. Nb3 Qc7 12. exd5 Nb4 13. a3 Nbxd5 14. Nxd5 Nxd5 15. Rxd5 Be6 16. Rc5 Qd6 17. Bc4 b6 18. Bxe6 bxc5 19. Bc4 Rfc8 20. Qd2 Qe5 21. c3 a5 22. Re1 a4 23. Na1 Qxh2 24. Bf4 Qh5 25. Rxe7 Qh1+ 26. Re1 Qh4 27. g3 Qh5 28. Nc2 Qxf3 29.
Bd5 Qg4 30. Ne3 Qd7 31. Bxa8 Qxd2+ 32. Kxd2 Rxa8 33. Nc4 Rd8+ 34. Kc2 h6 35. Nb6 g5 36.
Bc1 f5 37. Nxa4 Kf7 38. Nxc5 Kg6 39. Ne6 Rh8 40. Nxg7 Kxg7 41. a4 Kg6 42. b4 h5 43.
a5 f4 44. gxf4 g4 45. b5 h4 46. f5+ Kxf5 47. Rf1+ Ke5 48. a6 g3 49. a7 g2 50.
Re1+ Kd5 51. Bf4 h3 52. Bb8 h2 53. a8=Q+ Kc4 54. Qc6# 1-0

[Event "Late-Titled-Tuesday-Blitz-March-26-2024"]
[Site "Chess.com"]
[Date "2024.03.26"]
[Round "4"]
[White "ploxoi"]
[Black "ritanovikova"]
[Result "1-0"]
[WhiteElo "2430"]
[BlackElo "2121"]
[TimeControl "180+1"]
[EndTime "14:39:25 PDT"]
[Termination "ploxoi won by checkmate"]

1. d4 g6 2. Nf3 Bg7 3. g3 d6 4. Bg2 Nf6 5. O-O O-O 6. c4 e6 7. Nc3 Nbd7 8. h3 c6 9. Qc2 d5 10. b3 Re8 11. Bb2 dxc4 12. bxc4 Nb6 13. Qb3 Nfd7 14.
Rad1 Qe7 15. Ba3 Qd8 16. e4 Qc7 17. d5 exd5 18. exd5 cxd5 19. Nxd5 Nxd5 20. cxd5 Qc3 21. Qxc3 Bxc3 22. Rd3 Bg7 23. Rc1 Nb6 24. Ng5 h6 25.
Nf3 Bf5 26. Rd2 Rac8 27. Rxc8 Rxc8 28. d6 Rd8 29. Bf1 Be6 30. Rc2 Bc4 31. Bxc4 Nxc4 32. Rxc4 Bf8 33. Rd4 f5 34. Ne5 g5 35. Nc4 Kf7 36. Rd5 Ke6 37. Re5+ Kf6 38. Rb5 a6 39. Rxb7 Ke6 40. Rb6 Rd7 41. Rxa6 Bg7 42. Ne3 f4 43. gxf4 gxf4 44. Ng4 h5 45. Nh2 Bd4 46. Nf3 Bf6 47. Ra4 Kf5 48. Ra5+ Ke4 49. Nd2+ Kd3 50. Rd5+ Ke2 51. Ne4 Bh4 52. Nc3+ Ke1 53. Rd1# 1-0

[Event "Late-Titled-Tuesday-Blitz-March-26-2024"]
[Site "Chess.com"]
[Date "2024.03.26"]
[Round "4"]
[White "xakevicius91"]
[Black "Kildepiotr"]
[Result "0-1"]
[WhiteElo "2537"]
[BlackElo "2729"]
[TimeControl "180+1"]
[EndTime "14:39:29 PDT"]
[Termination "Kildepiotr won by checkmate"]

1. e4 g6 2. d4 Bg7 3. Nf3 c6 4. Bd3 d6 5. a4 Nd7 6. O-O e5 7. c3 Ngf6 8. Re1 O-O 9. h3 Re8 10.
Nbd2 Qc7 11. b4 a5 12. dxe5 Nxe5 13. Nxe5 dxe5 14. Bc4 axb4 15. cxb4 Be6 16. Qb3 Nh5 17. Bxe6 Rxe6 18. Nc4 b5 19. axb5 Rxa1 20. b6 Qb8 21. Qb2 Ra8 22. Be3 Nf4 23. Rd1 Re8 24. Na5 Rd8 25. Rxd8+ Qxd8 26. b7 Rb8 27. Ba7 Qd1+ 28. Kh2 Qf1 29. f3 Rxb7 30. Nxb7 Qa6 31. Na5 Qxa7 32.
Nxc6 Qe3 33. b5 Ne2 34. Ne7+ Kf8 35. Nd5 Qg1# 0-1

[Event "Late-Titled-Tuesday-Blitz-March-26-2024"]
[Site "Chess.com"]
[Date "2024.03.26"]
[Round "4"]
[White "Supelyel"]
[Black "karinachess1"]
[Result "0-1"]
[WhiteElo "2403"]
[BlackElo "2581"]
[TimeControl "180+1"]
[EndTime "14:39:34 PDT"]
[Termination "karinachess1 won by resignation"]

1. c4 e6 2. Nc3 d5 3. cxd5 exd5 4. d4 Nf6 5. Bg5 c6 6. Qc2 Be7 7. e3 Nbd7 8. Bd3 h6 9. Bh4 Nh5 10. Bg3 Nxg3 11. hxg3 Nb6 12. Nf3 Be6 13. a4 Nc4 14. b3 Nd6 15. a5 Qc8 16. a6 b6 17.
Ne5 Bf5 18. Bxf5 Nxf5 19. Kf1 Bb4 20. Ne2 Ne7 21. Rc1 c5 22. Nd3 Qxa6 23. dxc5 bxc5 24. Nxc5 Bxc5 25. Qxc5 Rc8 26. Qxc8+ Nxc8 27. Rh4 O-O 28. Rd4 Nb6 29. Rcd1 Rc8 30. R4d3 Rc2 31. Nf4 Qa2 32.
Nh3 g5 33. Kg1 Kg7 34. Rd4 Qxb3 35. Rf1 Rc4 0-1

[Event "Late-Titled-Tuesday-Blitz-March-26-2024"]
[Site "Chess.com"]
[Date "2024.03.26"]
[Round "4"]
[White "kingofthenil"]
[Black "m_ezat"]
[Result "1-0"]
[WhiteElo "2763"]
[BlackElo "2549"]
[TimeControl "180+1"]
[EndTime "14:39:36 PDT"]
[Termination "kingofthenil won by resignation"]

1. e4 c6 2. c4 d5 3. cxd5 cxd5 4. exd5 Nf6 5. Nc3 g6 6. Nf3 Bg7 7. Bc4 O-O 8. O-O Na6 9. d4 Nc7 10. Qb3 a6 11. a4 b5 12. axb5 axb5 13. Rxa8 bxc4 14. Qa2 Nxa8 15. Qxa8 Qc7 16. Qc6 Qa7 17. Qxc4 Ba6 18. Qa4 Qb7 19. Re1 Rc8 20. Ne5 Bf8 21. h3 Qb6 22. Nc6 e6 23. dxe6 Qxc6 24. Qxc6 Rxc6 25.
e7 Bxe7 26. Rxe7 Nd5 27. Ra7 Nxc3 28. bxc3 Rxc3 29. Bh6 Bc8 30. Re7 f5 31. Rg7+ Kh8 32.
Re7 Kg8 33. d5 Ba6 34. Rg7+ Kh8 35. Ra7 Bc8 36. Rf7 1-0

[Event "Late-Titled-Tuesday-Blitz-March-26-2024"]
[Site "Chess.com"]
[Date "2024.03.26"]
[Round "4"]
[White "RantomOpening"]
[Black "VladimirBugayev"]
[Result "0-1"]
[WhiteElo "2582"]
[BlackElo "2407"]
[TimeControl "180+1"]
[EndTime "14:39:36 PDT"]
[Termination "VladimirBugayev won by resignation"]

1. b4 a5 2. b5 c5 3. Nf3 d5 4. c4 e6 5. a4 b6 6. d3 Bb7 7. Nbd2 Nf6 8. g3 Be7 9. Bg2 O-O 10. O-O Nbd7 11. Bb2 Qc7 12. Qc2 d4 13. e4 dxe3 14. fxe3 Ng4 15. Rae1 Bf6 16. Bc1 Rad8 17.
Nb3 h5 18. e4 Nde5 19. Bf4 Nxf3+ 20. Bxf3 Be5 21. Bxg4 hxg4 22. Rd1 Bxf4 23. Rxf4 f5 24. Rdf1 g5 25. R4f2 f4 26. Qe2 f3 27. Qe3 Qg7 28. h3 Qe5 29. Kh2 Kg7 30. Qc1 Rh8 31. Qb2 Rxh3+ 32. Kg1 Rxg3+ 33. Kh1 Rh8+ 0-1

[Event "Late-Titled-Tuesday-Blitz-March-26-2024"]
[Site "Chess.com"]
[Date "2024.03.26"]
[Round "4"]
[White "ahkashefi2800"]
[Black "TanitoluwaAps116"]
[Result "0-1"]
[WhiteElo "2588"]
[BlackElo "2823"]
[TimeControl "180+1"]
[EndTime "14:39:37 PDT"]
[Termination "TanitoluwaAps116 won on time"]

1. d4 Nf6 2. Nf3 e6 3. g3 b5 4. Bg2 Bb7 5. O-O c5 6. a4 b4 7. c3 cxd4 8. cxd4 a5 9. Bg5 Be7 10.
Nbd2 h6 11. Bxf6 Bxf6 12. b3 Nc6 13. Rc1 Rb8 14. Nc4 O-O 15. Nd6 Ba6 16. Re1 Qb6 17. Nc4 Bxc4 18. Rxc4 d5 19. Rc1 Nxd4 20. Nxd4 Bxd4 21.
e3 Bc3 22. Re2 Rfd8 23. Rec2 Rd6 24. Qe2 Rbd8 25. Qd3 e5 26. Rd1 e4 27. Qf1 d4 28.
exd4 Rxd4 29. Rxd4 Rxd4 30. Qe2 Qe6 31. Qd2 Rxd2 0-1

[Event "Late-Titled-Tuesday-Blitz-March-26-2024"]
[Site "Chess.com"]
[Date "2024.03.26"]
[Round "4"]
[White "chessamical"]
[Black "Eloist"]
[Result "0-1"]
[WhiteElo "2270"]
[BlackElo "2488"]
[TimeControl "180+1"]
[EndTime "14:39:39 PDT"]
[Termination "Eloist won by resignation"]

1. d4 e6 2. c4 Nf6 3. Nc3 Bb4 4. e3 O-O 5. Bd2 c6 6. a3 Ba5 7.
c5 Bc7 8. Nf3 d6 9. cxd6 Bxd6 10. Bd3 Nbd7 11. Qc2 e5 12. O-O exd4 13. exd4 h6 14.
Rfe1 Nb6 15. Ne5 Be6 16. Ng6 Re8 17. Nf4 Bxf4 18. Bxf4 Qxd4 19. Be5 Qd8 20. Rad1 Nbd5 21. Ne4 Nxe4 22. Bxe4 Qg5 23. f4 Qh5 24. f5 Bd7 25. Bxd5 cxd5 26. f6 Rxe5 0-1

[Event "Late-Titled-Tuesday-Blitz-March-26-2024"]
[Site "Chess.com"]
[Date "2024.03.26"]
[Round "4"]
[White "Shankland"]
[Black "Thjop"]
[Result "1-0"]
[WhiteElo "2913"]
[BlackElo "2611"]
[TimeControl "180+1"]
[EndTime "14:39:40 PDT"]
[Termination "Shankland won by resignation"]

1. d4 d5 2. c4 c6 3. Nc3 Nf6 4. e3 e6 5. Nf3 Nbd7 6. Be2 dxc4 7.
a4 Bd6 8. Nd2 O-O 9. Nxc4 Bc7 10. b3 e5 11. Ba3 Re8 12. d5 cxd5 13. Nxd5 Nxd5 14. Qxd5 Nb6 15. Qxd8 Rxd8 16. O-O Bd7 17.
Rfc1 Nxc4 18. Rxc4 Bc6 19. Bf3 Bd6 20. Bxc6 bxc6 21.
Bxd6 Rxd6 22. g3 h5 23. Rac1 Rb8 24. Rxc6 Rxc6 25. Rxc6 Rxb3 26. Rc8+ Kh7 27. Rc7 f6 28. h4 Ra3 29. Rxa7 Ra2 30. a5 Ra3 31. a6 Ra2 32. Ra8 Kg6 33. e4 Ra4 34. a7 Ra2 35. Kf1 Ra3 36.
f4 Ra2 37. fxe5 fxe5 38. Ke1 Kh7 39. Kd1 Kg6 40. Kc1 Kh7 41. Kb1 Ra6 42. Kb2 Rb6+ 43. Kc3 Ra6 44. Kc4 Ra1 45. Kd5 Ra5+ 46. Kd6 Kg6 47. Ke6 Ra1 48. Kxe5 Ra5+ 49. Kd4 Ra1 50. e5 1-0

[Event "Late-Titled-Tuesday-Blitz-March-26-2024"]
[Site "Chess.com"]
[Date "2024.03.26"]
[Round "4"]
[White "Msb2"]
[Black "Zq1"]
[Result "1-0"]
[WhiteElo "3022"]
[BlackElo "2634"]
[TimeControl "180+1"]
[EndTime "14:39:45 PDT"]
[Termination "Msb2 won on time"]

1. d4 Nf6 2. c4 a6 3. a4 e6 4. g3 d5 5. Bg2 Nc6 6. Nf3 Be7 7.
O-O O-O 8. b3 Ne4 9. Bb2 f5 10.
Nc3 Bf6 11. e3 a5 12. Rc1 Ne7 13. Ne5 c6 14. f3 Nxc3 15. Bxc3 Ng6 16. Nxg6 hxg6 17.
e4 g5 18. Qd3 Bd7 19. Rce1 Rb8 20. exd5 exd5 21. f4 Be8 22. cxd5 cxd5 23. fxg5 Bxg5 24. Rxf5 Bf7 25. Ref1 Bf6 26. R5f2 Rc8 27. Bb2 Qb6 28. h4 Rcd8 29. Kh2 Rd6 30. Ba3 Rfd8 31. Bxd6 Rxd6 32. Rf4 Rc6 33. R1f2 Qb4 34. Qf5 Rc3 35. Bxd5 1-0

[Event "Late-Titled-Tuesday-Blitz-March-26-2024"]
[Site "Chess.com"]
[Date "2024.03.26"]
[Round "4"]
[White "Azerichess"]
[Black "Binary010"]
[Result "1-0"]
[WhiteElo "3038"]
[BlackElo "2783"]
[TimeControl "180+1"]
[EndTime "14:39:51 PDT"]
[Termination "Azerichess won by checkmate"]

1. d4 Nf6 2. Bg5 Ne4 3. Bf4 c5 4. f3 Qa5+ 5. c3 Nf6 6. d5 e6 7. e4 exd5 8. exd5 d6 9. Nd2 Be7 10. c4 O-O 11. Bd3 Nh5 12. Be3 Bh4+ 13. g3 Re8 14. Kf2 Bf6 15. Qc2 g6 16. Ne4 Qd8 17. Re1 Na6 18. a3 Nc7 19. Ne2 b5 20. b3 bxc4 21. bxc4 Rb8 22. Rb1 Rxb1 23. Rxb1 Bg7 24. Nf4 Nf6 25. Bd2 Nxe4+ 26. Bxe4 Bd7 27. Bc3 Ba4 28.
Qb2 Bxc3 29. Qxc3 Na8 30. h4 h5 31. Rb7 Nb6 32. Nxg6 Bd7 33. Qh8# 1-0

[Event "Late-Titled-Tuesday-Blitz-March-26-2024"]
[Site "Chess.com"]
[Date "2024.03.26"]
[Round "4"]
[White "MoldyTofu"]
[Black "Nemsko"]
[Result "0-1"]
[WhiteElo "2054"]
[BlackElo "2429"]
[TimeControl "180+1"]
[EndTime "14:39:53 PDT"]
[Termination "Nemsko won by resignation"]

1. b3 Nf6 2. Bb2 d5 3. e3 e6 4. d4 Bd6 5. Nf3 Qe7 6. Bd3 Nbd7 7. h3 O-O 8. O-O e5 9. dxe5 Nxe5 10. Nxe5 Bxe5 11. Bxe5 Qxe5 12. Nd2 c6 13. c4 Rd8 14. Qe2 Be6 15. Nf3 Qh5 16. cxd5 Nxd5 17. Bc4 Nc3 18. Qb2 Nd5 19. Nd4 Bxh3 20. gxh3 Rd6 21. Qe2 Qxh3 22.
Bd3 Rh6 0-1

[Event "Late-Titled-Tuesday-Blitz-March-26-2024"]
[Site "Chess.com"]
[Date "2024.03.26"]
[Round "4"]
[White "MPCandelario"]
[Black "KetiTsatsalashvili"]
[Result "1-0"]
[WhiteElo "2678"]
[BlackElo "2448"]
[TimeControl "180+1"]
[EndTime "14:39:55 PDT"]
[Termination "MPCandelario won by resignation"]

1. e4 c5 2. Nf3 d6 3. d4 cxd4 4. Nxd4 Nf6 5. Nc3 Nc6 6. Bb5 Bd7 7. Bg5 Nxd4 8. Bxd7+ Nxd7 9. Qxd4 Qb6 10. O-O-O Qxd4 11. Rxd4 a6 12. Nd5 Rc8 13. Rhd1 h6 14. Bh4 g5 15.
Bg3 Bg7 16. Rb4 Nc5 17. f3 b5 18. Kb1 Be5 19. Bxe5 dxe5 20. c4 e6 21. Ne3 bxc4 22. Rxc4 Ke7 23. Rdc1 Kd6 24. b4 Rb8 25. Rxc5 Rxb4+ 26.
Ka1 Rhb8 27. Rc7 R8b6 28. Rxf7 R6b5 29. Nc4+ Kc5 30. Na3+ 1-0

[Event "Late-Titled-Tuesday-Blitz-March-26-2024"]
[Site "Chess.com"]
[Date "2024.03.26"]
[Round "4"]
[White "GodzillaChessYoutube"]
[Black "ahmedkandiliii"]
[Result "1-0"]
[WhiteElo "2712"]
[BlackElo "2520"]
[TimeControl "180+1"]
[EndTime "14:39:57 PDT"]
[Termination "GodzillaChessYoutube won on time"]

1. c4 e5 2. e3 Nf6 3. Nc3 Nc6 4. Nge2 Bb4 5. a3 Bxc3 6. Nxc3 d5 7. cxd5 Nxd5 8. Bb5 O-O 9. O-O Be6 10. Ne4 Nb6 11. Qc2 a6 12. Bxc6 bxc6 13. Nc5 Bg4 14. f3 Bh5 15. b3 Bg6 16. Qc3 Re8 17. e4 Qd6 18.
Bb2 Rab8 19. Rfd1 Nd7 20. Nxa6 Rb6 21. Nb4 Reb8 22. d4 c5 23. dxc5 Qxc5+ 24. Qxc5 Nxc5 25.
Bxe5 Nxb3 26. Rab1 1-0

[Event "Late-Titled-Tuesday-Blitz-March-26-2024"]
[Site "Chess.com"]
[Date "2024.03.26"]
[Round "4"]
[White "Good_Knight_Kiss"]
[Black "GAO"]
[Result "0-1"]
[WhiteElo "2498"]
[BlackElo "2335"]
[TimeControl "180+1"]
[EndTime "14:39:57 PDT"]
[Termination "GAO won on time"]

1. e4 c5 2. Nf3 Nc6 3. d4 cxd4 4.
Nxd4 g6 5. Be3 Bg7 6. c4 Qb6 7. Nb5 Qd8 8. N1c3 d6 9. Nd5 Kf8 10. Rb1 e6 11. Ndc7 Rb8 12. Qxd6+ Qxd6 13. Nxd6 a6 14. b4 Ke7 15. Nxc8+ Rxc8 16. b5 Rxc7 17. bxc6 Bc3+ 18. Kd1 bxc6 19. c5 Nf6 20. f3 Rd8+ 21. Kc2 Bd4 22. Bxd4 Rxd4 23. Bxa6 Ra7 24. Rb6 Ra4 25.
Rb7+ Rxb7 26. Bxb7 Rxa2+ 27. Kb3 Rxg2 28. Bxc6 Nd7 29.
Rc1 Rxh2 30. Bb7 Rf2 31. c6 Rxf3+ 32. Kb4 Nb6 33. c7 h5 34. c8=Q Nxc8 35. Rxc8 h4 0-1

[Event "Late-Titled-Tuesday-Blitz-March-26-2024"]
[Site "Chess.com"]
[Date "2024.03.26"]
[Round "4"]
[White "DeArron_Fox"]
[Black "Sacbutt"]
[Result "1-0"]
[WhiteElo "2510"]
[BlackElo "2315"]
[TimeControl "180+1"]
[EndTime "14:39:57 PDT"]
[Termination "DeArron_Fox won by resignation"]

1. d4 e5 2. dxe5 Nc6 3. Nf3 Qe7 4. Nc3 Nxe5 5. e4 c6 6. Nxe5 Qxe5 7. f4 Qc5 8. Bd3 Be7 9. Qf3 Nf6 10. Be3 Qb4 11.
O-O-O d6 12. h3 Be6 13. a3 Qa5 14. g4 O-O-O 15. g5 Ne8 16. f5 Bd7 17. Bc4 f6 18. h4 Rf8 19. Qh5 b5 20. Bb3 c5 21.
Nd5 g6 22. Qxh7 1-0

[Event "Late-Titled-Tuesday-Blitz-March-26-2024"]
[Site "Chess.com"]
[Date "2024.03.26"]
[Round "4"]
[White "katharinareinecke"]
[Black "simaopdias"]
[Result "0-1"]
[WhiteElo "1986"]
[BlackElo "2295"]
[TimeControl "180+1"]
[EndTime "14:39:58 PDT"]
[Termination "simaopdias won on time"]

1. d4 Nf6 2. Nf3 d5 3. g3 e6 4. Bg2 Be7 5. O-O O-O 6. c4 b6 7. Nc3 Bb7 8. b3 Nbd7 9. Bb2 Rc8 10. Rc1 c5 11. dxc5 bxc5 12. cxd5 exd5 13. e3 Qa5 14.
Na4 Rfd8 15. Ne5 Nxe5 16. Bxe5 Qa6 17. Qc2 d4 18. Bxb7 Qxb7 19. exd4 cxd4 20. Qb2 Qe4 21.
Rfe1 Rxc1 22. Qxc1 Qd5 23. Bxd4 Bb4 24. Rd1 Ne4 25. Qc4 Qd6 26. Nb2 Nd2 0-1

[Event "Late-Titled-Tuesday-Blitz-March-26-2024"]
[Site "Chess.com"]
[Date "2024.03.26"]
[Round "4"]
[White "TedBelanoff"]
[Black "Defenstrator"]
[Result "1-0"]
[WhiteElo "2203"]
[BlackElo "2485"]
[TimeControl "180+1"]
[EndTime "14:39:59 PDT"]
[Termination "TedBelanoff won by resignation"]

1. b4 e5 2. a3 Qh4 3. g3 Qd4 4.
Nc3 a5 5. Nf3 Qb6 6. b5 Qe6 7.
e4 Bc5 8. Nd5 Qd6 9. Bb2 f6 10. d4 exd4 11. Nxd4 Ne7 12. c4 c6 13. Qh5+ g6 14. Nxf6+ Kd8 15. e5 Qc7 16. Qe2 d5 17.
exd6 Bxd6 18. Rd1 Rf8 19. Ne6+ Bxe6 20. Qxe6 Nf5 21. c5 Nd7 22. cxd6 Nxf6 23. dxc7+ Kxc7 24. Be5+ Kb6 25. bxc6 Rae8 26. Rb1+ Ka7 27. Rxb7+ Ka8 28. Qc4 Rxe5+ 29. Be2 1-0

[Event "Late-Titled-Tuesday-Blitz-March-26-2024"]
[Site "Chess.com"]
[Date "2024.03.26"]
[Round "4"]
[White "XDPS"]
[Black "Revan_2002"]
[Result "1-0"]
[WhiteElo "2899"]
[BlackElo "2643"]
[TimeControl "180+1"]
[EndTime "14:40:00 PDT"]
[Termination "XDPS won by resignation"]

1. d4 Nf6 2. Bf4 g6 3. e3 Bg7 4. h3 O-O 5. Nf3 d6 6. Bh2 b6 7.
Be2 Bb7 8. O-O c5 9. c3 Nbd7 10. a4 a6 11. Nbd2 Re8 12. Qb3 Bd5 13. Qa3 Rc8 14. Bxa6 Ra8 15. Bb5 Qc7 16. Rfe1 Qb7 17. b4 cxd4 18. cxd4 Bc6 19. Bxc6 Qxc6 20. a5 Nd5 21. e4 Nc3 22. e5 dxe5 23. dxe5 Nf8 24. Nd4 Qc7 25. e6 Qc8 26. exf7+ Kxf7 27. N2f3 Qc4 28. Be5 Nd7 29. Bxg7 Kxg7 30. Rac1 Rac8 31. Re3 Qd5 32. Rcxc3 Rxc3 33. Qxc3 e5 34. Nc6 bxa5 35. bxa5 Rc8 36. Nfxe5 Qd1+ 37. Re1 1-0

[Event "Late-Titled-Tuesday-Blitz-March-26-2024"]
[Site "Chess.com"]
[Date "2024.03.26"]
[Round "4"]
[White "DraningWaterHi"]
[Black "VD_coach"]
[Result "0-1"]
[WhiteElo "2310"]
[BlackElo "2507"]
[TimeControl "180+1"]
[EndTime "14:40:00 PDT"]
[Termination "VD_coach won by resignation"]

1. d4 Nf6 2. Nf3 g6 3. g3 d6 4. c4 Bg7 5. Bg2 O-O 6. O-O Nbd7 7. Nc3 e5 8. e4 c6 9. h3 exd4 10.
Nxd4 a5 11. Be3 Re8 12. Qc2 Nc5 13. Rfe1 a4 14. Rad1 Qa5 15. f4 Bd7 16. Nde2 Re7 17. Rxd6 Nfxe4 18. Nxe4 Qxe1+ 19. Kh2 Nxe4 20. Bxe4 Rae8 21.
Bb6 Rxe4 22. Nc3 Bxc3 23. bxc3 Re2+ 0-1

[Event "Late-Titled-Tuesday-Blitz-March-26-2024"]
[Site "Chess.com"]
[Date "2024.03.26"]
[Round "4"]
[White "TheCount"]
[Black "Sina_Movahed"]
[Result "1-0"]
[WhiteElo "2655"]
[BlackElo "3043"]
[TimeControl "180+1"]
[EndTime "14:40:01 PDT"]
[Termination "TheCount won by resignation"]

1. d4 Nf6 2. c4 g6 3. Nc3 Bg7 4. e4 d6 5. Be2 O-O 6. Bg5 Nbd7 7.
f4 c5 8. d5 b5 9. cxb5 a6 10. bxa6 Bxa6 11. Nf3 Qa5 12. O-O Rfb8 13. Rb1 Ng4 14. Bxa6 Qxa6 15. Qd2 Nb6 16. h3 Nc4 17.
Qe2 Nf6 18. e5 Nh5 19. b3 Na3 20. Qxa6 Rxa6 21. Rbc1 Ng3 22. Bxe7 Nxf1 23. Kxf1 dxe5 24. fxe5 Bf8 25. Bxf8 Kxf8 26. Ne4 Nb5 27. a4 Na3 28. Nxc5 Ra7 29. Nd4 Rb4 30. Nc6 Rf4+ 31. Kg1 Ra8 32. e6 Rf5 33. e7+ Ke8 34. d6 Rxc5 35. Rxc5 Nb1 36. Rd5 Kd7 37. Ne5+ Ke8 38. d7+ Kxe7 39.
Nc6+ Ke6 40. d8=Q Rc8 1-0

[Event "Late-Titled-Tuesday-Blitz-March-26-2024"]
[Site "Chess.com"]
[Date "2024.03.26"]
[Round "4"]
[White "crazycheesecake"]
[Black "JiiHart"]
[Result "1-0"]
[WhiteElo "2151"]
[BlackElo "2177"]
[TimeControl "180+1"]
[EndTime "14:40:02 PDT"]
[Termination "crazycheesecake won by checkmate"]

1. Nf3 Nf6 2. c4 c5 3. g3 g6 4. Bg2 Bg7 5. O-O O-O 6. d4 d5 7. cxd5 cxd4 8. Nxd4 Nxd5 9. Nc2 e6 10. e4 Nb6 11.
Qe2 Nc6 12. Rd1 Qe7 13. Nc3 Bd7 14. Bf4 e5 15. Be3 Nb4 16. Nxb4 Qxb4 17. Bxb6 Be6 18. Bc7 Rfc8 19. Bd6 Qb6 20. Ba3 Bc4 21. Qe3 Qxe3 22.
fxe3 Bh6 23. Kf2 b5 24. Rac1 Kg7 25. b3 Be6 26. Nxb5 a6 27. Nc7 Ra7 28. Nxe6+ fxe6 29. Rxc8 Rb7 30. Bf8+ Kf7 31. Bxh6 Rb4 32. Rf8+ Ke7 33. Rdd8 a5 34. Bg5# 1-0

[Event "Late-Titled-Tuesday-Blitz-March-26-2024"]
[Site "Chess.com"]
[Date "2024.03.26"]
[Round "4"]
[White "ChempionBg"]
[Black "Blackwhite017"]
[Result "0-1"]
[WhiteElo "2302"]
[BlackElo "2098"]
[TimeControl "180+1"]
[EndTime "14:40:05 PDT"]
[Termination "Blackwhite017 won on time"]

1. d4 d5 2. c4 e6 3. Nf3 a6 4. g3 dxc4 5. Bg2 Nf6 6. O-O b5 7. Ne5 Nd5 8. e4 Nb6 9. d5 Bd6 10. dxe6 Bxe5 11. exf7+ Kxf7 12. Qh5+ g6 13. Qxe5 Nc6 14.
Qf4+ Kg7 15. b3 g5 0-1

[Event "Late-Titled-Tuesday-Blitz-March-26-2024"]
[Site "Chess.com"]
[Date "2024.03.26"]
[Round "4"]
[White "djano"]
[Black "Der_Balak_3Halak"]
[Result "1-0"]
[WhiteElo "2676"]
[BlackElo "2421"]
[TimeControl "180+1"]
[EndTime "14:40:06 PDT"]
[Termination "djano won by resignation"]

1. e4 c5 2. Nc3 e6 3. f4 Nc6 4. Nf3 d5 5. Bb5 Nf6 6. e5 Ne4 7. O-O Be7 8. Bxc6+ bxc6 9. Qe1 Ba6 10. d3 Nxc3 11. bxc3 c4 12. d4 c5 13. Qg3 O-O 14. f5 exf5 15. Bh6 g6 16. Bxf8 Qxf8 17. Rab1 Rb8 18. e6 Re8 19. Rfe1 Bd6 20. exf7+ Kxf7 21. Ng5+ Kf6 22. Rxe8 Qxe8 23. Qxd6+ Kxg5 24. Qxa6 cxd4 25. cxd4 Qe3+ 26. Kh1 Qxd4 27. Qa3 c3 28. Qe7+ Kh6 29. Re1 f4 30. h4 f3 31. Qg5+ Kg7 32. gxf3 a5 33.
Qe5+ Qxe5 34. Rxe5 1-0

[Event "Late-Titled-Tuesday-Blitz-March-26-2024"]
[Site "Chess.com"]
[Date "2024.03.26"]
[Round "4"]
[White "MathiasWomacka"]
[Black "randomo"]
[Result "1-0"]
[WhiteElo "2487"]
[BlackElo "2257"]
[TimeControl "180+1"]
[EndTime "14:40:06 PDT"]
[Termination "MathiasWomacka won by resignation"]

1. e4 e5 2. Nf3 Nc6 3. Bb5 Bc5 4.
c3 Qf6 5. O-O Nge7 6. Re1 a6 7.
Ba4 Ba7 8. d4 h6 9. Be3 O-O 10. dxe5 Nxe5 11. Nxe5 Qxe5 12. Bxa7 Rxa7 13. Qd4 Qxd4 14. cxd4 d6 15. Nc3 Rd8 16. Rac1 c6 17. b4 Ra8 18. Bb3 Be6 19. d5 Bd7 20. Red1 Rac8 21.
f3 c5 22. bxc5 Rxc5 23. Ne2 Rdc8 24. Kf2 f5 25. e5 Rxc1 26. Rxc1 Rxc1 27. Nxc1 Nc8 28.
f4 Kf8 29. Ke3 Ke7 30. Kd4 Bb5 31. Bc2 g6 32. Bd3 Bxd3 33. Nxd3 Nb6 34. Nb2 Kd7 35. a4 a5 36. Nc4 Nxc4 37. e6+ Ke7 38. Kxc4 1-0

[Event "Late-Titled-Tuesday-Blitz-March-26-2024"]
[Site "Chess.com"]
[Date "2024.03.26"]
[Round "4"]
[White "Harsha_Bharathakoti"]
[Black "jefferyx"]
[Result "0-1"]
[WhiteElo "2904"]
[BlackElo "3107"]
[TimeControl "180+1"]
[EndTime "14:40:09 PDT"]
[Termination "jefferyx won on time"]

1. Nf3 d5 2. c4 d4 3. b4 Bg4 4. g3 Bxf3 5. exf3 e5 6. Bg2 Bxb4 7. f4 Nc6 8. fxe5 Nge7 9. O-O O-O 10. f4 d3 11. Bb2 Nd4 12. Nc3 Bxc3 13. Bxc3 Ne2+ 14. Kh1 Nf5 15. Rf3 Qd7 16. Bb2 Rad8 17.
Qb3 Ned4 18. Qd1 Nxf3 19. Qxf3 c6 20. Bc3 Qe6 21. Qe4 h5 22. Bf3 g6 23. Rb1 Rd7 24.
a4 Rfd8 25. Bg2 Nd4 26. c5 Ne2 27. Qb4 h4 28. gxh4 Qg4 29. e6 Qxe6 30. Ba1 Qg4 31. Qb2 Rd4 32. Rf1 Nxf4 33. Bf3 Qh3 34. Qc1 Ne2 35. Bxd4 Nxc1 0-1

[Event "Late-Titled-Tuesday-Blitz-March-26-2024"]
[Site "Chess.com"]
[Date "2024.03.26"]
[Round "4"]
[White "MikeSailer"]
[Black "tgpgoat"]
[Result "0-1"]
[WhiteElo "2085"]
[BlackElo "2384"]
[TimeControl "180+1"]
[EndTime "14:40:09 PDT"]
[Termination "tgpgoat won on time"]

1. d4 Nf6 2. Nf3 c5 3. Bf4 cxd4 4. Bxb8 Rxb8 5. Qxd4 e6 6. Qxa7 Qc7 7. Nc3 Bc5 8. Qa4 O-O 9. e3 d5 10. Bb5 Ne4 11.
Nxe4 dxe4 12. Nd2 f5 13. O-O-O b6 14. Nb3 Bb7 15. Nxc5 Qxc5 16. Qc4 Bd5 17. Qxc5 bxc5 18. Ba4 c4 19. b3 Rfc8 20. Kb2 Kf7 21. Rd4 Rc5 22. Rhd1 c3+ 23. Kc1 Ra8 24. Rb4 Kf6 25. Rb6 Ke5 26. Rd4 f4 27. exf4+ Kxd4 28. Rb4+ Bc4 29.
bxc4 e3 30. fxe3+ Kxe3 31. Bb3 Kxf4 32. Rb6 Re8 33. Kd1 e5 34. Ke1 Ke3 35. a4 e4 36.
a5 Rxa5 0-1

[Event "Late-Titled-Tuesday-Blitz-March-26-2024"]
[Site "Chess.com"]
[Date "2024.03.26"]
[Round "4"]
[White "Chesstiger64"]
[Black "martinmena"]
[Result "1-0"]
[WhiteElo "2400"]
[BlackElo "2251"]
[TimeControl "180+1"]
[EndTime "14:40:10 PDT"]
[Termination "Chesstiger64 won on time"]

1. d4 d5 2. Nf3 Nf6 3. e3 e6 4.
Bd3 Bd6 5. c3 O-O 6. Nbd2 b6 7.
O-O Bb7 8. Qe2 Ne4 9. c4 c5 10. cxd5 exd5 11. dxc5 bxc5 12. b3 Nc3 13. Qe1 Ba6 14.
Bxa6 Nxa6 15. Bb2 Ne4 16. Nxe4 dxe4 17. Nd2 Qh4 18. g3 Qg4 19. Qd1 Qe6 20. Nc4 Be7 21.
Qh5 Bf6 22. Bxf6 Qxf6 23. Qd5 Rfe8 24. Rad1 Rac8 25. Nd6 Re5 26. Nxe4 Qf5 27. Qc4 Rxe4 28. Qxa6 Qh3 29. Qd6 Rce8 30. Qd7 Qh5 31. Rd5 Qf3 32. Qf5 Qe2 33. Rd7 R4e7 34. Rxe7 Rf8 35. a4 Qc2 36.
Qd5 1-0

[Event "Late-Titled-Tuesday-Blitz-March-26-2024"]
[Site "Chess.com"]
[Date "2024.03.26"]
[Round "4"]
[White "Juicy_Fork"]
[Black "ContrVersia"]
[Result "0-1"]
[WhiteElo "2565"]
[BlackElo "2933"]
[TimeControl "180+1"]
[EndTime "14:40:14 PDT"]
[Termination "ContrVersia won on time"]

1. e4 c5 2. Nf3 a6 3. d4 cxd4 4. Nxd4 Nf6 5. Nc3 e5 6. Nb3 Bb4 7. Bd3 Bxc3+ 8. bxc3 d6 9. O-O Qc7 10. c4 Be6 11. Qe2 Nbd7 12. Ba3 Rc8 13. Rad1 O-O 14. f4 Rfe8 15. f5 Bxc4 16. Bxd6 Bxd3 17. Rxd3 Qxc2 18. Qf3 Qxa2 19. g4 Rc4 20. Nd2 Rd4 21. g5 Rxd3 22. Qxd3 Nh5 23. g6 hxg6 24. fxg6 fxg6 25.
Nc4 Nf4 26. Rxf4 exf4 27. Qd5+ Kh7 28. Qf7 Qb1+ 29. Kf2 Qc2+ 30. Kf1 Qxe4 0-1